 Dungeon Crawl Stone Soup version 0.27-a0-1071-ga85bd9520d (webtiles) character file.

Game seed: 2877281409292113338

6220 funkygono the Arsonist (level 10, -3/53 HPs)
             Began as a Gargoyle Fire Elementalist on Apr 24, 2021.
             Slain by a two-headed ogre
             ... wielding a +0 giant club
              (14 damage)
             ... on level 9 of the Dungeon.
             The game lasted 00:21:58 (11273 turns).

funkygono the Arsonist (GrFE)                      Turns: 11273, Time: 00:21:58

Health: -3/53      AC: 16    Str: 12    XL:     10   Next: 92%
Magic:  13/22      EV: 12    Int: 19    God:
Gold:   524        SH:  0    Dex: 10    Spells: 10/26 levels left

rFire    + . .     SeeInvis .   n - +4 mace (drain)
rCold    x . .     Faith    .   (no shield)
rNeg     + . .     Spirit   .   t - +0 troll leather armour
rPois    ∞         Reflect  .   (no helmet)
rElec    +         Harm     .   (no cloak)
rCorr    .         Rampage  .   (no gloves)
Will     .....                  (no boots)
Stlth    ++........             (no amulet)
HPRegen  1.17/turn              k - ring of fire
MPRegen  0.18/turn              l - +4 ring of protection

@: no status effects
A: AC +7, negative energy resistance 1, electricity resistance, torment
resistance 1, unbreathing 1, petrification resistance
a: no special abilities


You were on level 9 of the Dungeon.
You visited 2 branches of the dungeon, and saw 10 of its levels.

You collected 524 gold pieces.

Inventory:

Hand Weapons
 f - a +0 whip
 n - a +4 mace of draining (weapon)
 C - a +4 scimitar of flaming
 F - a +1 whip of freezing
Missiles
 e - a curare-tipped dart
 m - 193 stones
 u - 2 atropa-tipped darts
Armour
 a - a +0 robe
 s - a +0 leather armour of fire resistance
 t - a +0 troll leather armour (worn)
 w - a +0 kite shield
 K - the +1 robe of Xepluvev {rPois rC+ Dex+3}
   (You found it on level 8 of the Dungeon)

   It affects your dexterity (+3).
   It protects you from cold.
   It protects you from poison.
Magical Staves
 o - a staff of conjuration
 z - a staff of cold
Jewellery
 b - a +6 ring of strength
 k - a ring of fire (left hand)
 l - a +4 ring of protection (right hand)
 B - a ring of see invisible
Wands
 v - a wand of mindburst (18)
 x - a wand of polymorph (10)
 D - a wand of digging (4)
 H - a wand of paralysis (7)
 L - a wand of flame (25)
Scrolls
 j - a scroll of magic mapping
 y - 2 scrolls of fog
 A - 2 scrolls of teleportation
 G - a scroll of silence
Potions
 c - 2 potions of flight
 d - 2 potions of mutation
 g - 4 potions of curing
 i - 3 potions of brilliance
 p - a potion of magic
 q - 3 potions of might
 r - a potion of lignification
 E - a potion of ambrosia {unknown}


   Skills:
 + Level 2.2 Fighting
 + Level 3.6 Maces & Flails
 * Level 5.4 Armour
 + Level 3.1 Dodging
 - Level 2.1 Stealth
 + Level 8.5 Spellcasting
 + Level 8.1 Conjurations
 + Level 8.9 Fire Magic


You had 10 spell levels left.
You knew the following spells:

 Your Spells              Type           Power      Damage    Failure   Level
a - Foxfire               Conj/Fire      100%       2x1d9     1%          1
b - Conjure Flame         Conj/Fire      57%        6-21      1%          3
c - Sticky Flame          Conj/Fire      57%        2d7       3%          4
d - Fireball              Conj/Fire      28%        3d12      10%         5
e - Mephitic Cloud        Conj/Pois/Air  18%        N/A       11%         3

Your spell library contained the following spells:

 Spells                   Type           Power      Damage    Failure   Level
 Inner Flame              Hex/Fire       37%        N/A       5%          3
 Poisonous Vapours        Pois/Air       16%        N/A       17%         2
 Cause Fear               Hex            4%         N/A       73%         4
 Silence                  Hex/Air        4%         N/A       97%         5
 Yara's Violent Unravell  Hex/Tmut       4%         3d4       97%         5
 Freezing Cloud           Conj/Ice/Air   9%         6-21      99%         6
 Discord                  Hex            4%         N/A       100%        8


Dungeon Overview and Level Annotations

Branches:
Dungeon (9/15)             Temple (1/1) D:6
   Lair: D:8-11         Orc: D:9-12

Altars:
Ashenzari
Cheibriados
Dithmenos
Elyvilon
Fedhas
Gozag
Hepliaklqana
Makhleb
Nemelex Xobeh
Okawaru
Qazlal
Ru
Sif Muna
Trog
Uskayaw
Yredelemnul
Zin
The Shining One

Shops:
D:1 *   D:4 !   D:5 *

Annotations:
D:9 Gastronok


Innate Abilities, Weirdness & Mutations

Your stone body is resilient. (AC +7)
You are immune to poison.
You resist negative energy. (rN+)
You are resistant to electric shocks. (rElec)
You are resistant to unholy torment.
You can survive without breathing.
You are immune to petrification.


Message History

The two-headed ogre is heavily wounded.
The two-headed ogre hits you with a +0 giant club!
The two-headed ogre hits you with a +0 giant spiked club!
A shadow comes into view.
Gastronok the Ponderous comes into view.
Found a robe.
Casting: Sticky Flame (dangerous; 3% risk of failure)
Confirm with . or Enter, or press ? or * to list all spells.
You feel a surge of power!
You conjure some foxfire!
Casting: Foxfire (safe; 1% risk of failure)
Confirm with . or Enter, or press ? or * to list all spells.
You feel a surge of power!
You conjure some foxfire!
The foxfire hits the two-headed ogre.
The two-headed ogre is heavily wounded.
The foxfire hits the two-headed ogre.
The two-headed ogre is heavily wounded.
The two-headed ogre hits you with a +0 giant club!!
* * * LOW HITPOINT WARNING * * *
The two-headed ogre hits you but does no damage.
Casting: Foxfire (safe; 1% risk of failure)
Confirm with . or Enter, or press ? or * to list all spells.
You feel a surge of power!
You conjure some foxfire!
The foxfire hits the two-headed ogre but does no damage.
The two-headed ogre is heavily wounded.
The foxfire hits the two-headed ogre but does no damage.
The two-headed ogre is heavily wounded.
The two-headed ogre closely misses you. The two-headed ogre barely misses you.
The foxfire hits the two-headed ogre!
The two-headed ogre is severely wounded.
The foxfire hits the two-headed ogre.
The two-headed ogre is severely wounded.
The two-headed ogre barely misses you. The two-headed ogre closely misses you.
The shadow slips into darkness.
The shadow flickers and vanishes!
Deactivating autopickup; reactivate with Ctrl-A.
Your magical contamination has completely faded away.
Found a pair of boots.
There is a stone staircase leading up here.
The two-headed ogre hits you with a +0 giant club!
You die...

#[..####.......
#...............
................
####..............
..................
..................
..................
#....O{........
###...@#.........
..................
#####.............
#.............
#./...........
#w#...........
#.#...........
#...#.........
.............


You could see Gastronok and a two-headed ogre.

Vanquished Creatures
  Erica (D:8)
  2 two-headed ogres
  Pikel (D:7)
  A troll (D:5)
  Menkaure (D:7)
  Duvessa (D:7)
  4 ice beasts
  3 sky beasts
  A black bear (D:6)
  3 necrophages
  A centaur (D:6)
  A phantom (D:5)
  2 kobold brigands
  8 bullfrogs
  Dowan (D:7)
  A scorpion (D:5)
  2 wyvern skeletons
  A water moccasin skeleton (D:5)
  3 howler monkeys (D:6)
  4 wights (D:8)
  2 centaur zombies (D:6)
  A bullfrog zombie (D:6)
  3 jellies
  3 orc priests
  7 hounds
  A bullfrog skeleton (D:5)
  2 gnoll shamans (D:7)
  Jessica (D:2)
  2 centaur skeletons (D:5)
  2 iguanas (D:6)
  5 orc wizards
  A killer bee zombie (D:6)
  A hound skeleton (D:4)
  7 gnolls
  8 adders
  2 white imps
  An adder zombie (D:5)
  An adder skeleton (D:4)
  2 worms (D:2)
  3 dart slugs
  22 orcs
  3 ball pythons
  5 endoplasms
  4 giant cockroaches
  7 goblins
  7 hobgoblins
  A jackal (D:5)
  5 quokkas
  10 bats
  2 frilled lizards
  10 kobolds
  A rat (D:1)
174 creatures vanquished.

Vanquished Creatures (collateral kills)
  A foxfire (D:7)
1 creature vanquished.

Vanquished Creatures (others)
  732 foxfires
732 creatures vanquished.

Grand Total: 907 creatures vanquished

Notes
Turn   | Place    | Note
-------+----------+-------------------------------------------
     0 | D:1      | funkygono the Gargoyle Fire Elementalist began the quest
                  | for the Orb.
     0 | D:1      | Reached XP level 1. HP: 10/10 MP: 3/3
   107 | D:1      | Found a faded altar of an unknown god.
   176 | D:1      | Reached XP level 2. HP: 15/15 MP: 0/5
   306 | D:1      | Found Ywedemai's General Store.
   926 | D:2      | Reached XP level 3. HP: 19/19 MP: 3/6
   984 | D:2      | Learned a level 3 spell: Conjure Flame
   999 | D:2      | Noticed Jessica
  1003 | D:2      | Killed Jessica
  1208 | D:2      | Reached XP level 4. HP: 24/24 MP: 0/7
  1213 | D:2      | Learned a level 4 spell: Sticky Flame
  1325 | D:2      | Found a white marble altar of Elyvilon.
  2288 | D:3      | Found a stormy altar of Qazlal.
  2288 | D:3      | Noticed a water elemental
  2350 | D:3      | Noticed an air elemental
  2351 | D:3      | Noticed a fire elemental
  2351 | D:3      | Noticed an earth elemental
  3550 | D:4      | Reached XP level 5. HP: 25/28 MP: 9/9
  3706 | D:4      | Found a sacrificial altar of Ru.
  3725 | D:4      | Noticed a sky beast
  3733 | D:4      | Killed a sky beast
  3758 | D:4      | Reached XP level 6. HP: 21/33 MP: 5/11
  3985 | D:4      | Reached skill level 1 in Fighting
  4057 | D:4      | Noticed an ice beast
  4066 | D:4      | Killed an ice beast
  4067 | D:4      | Reached skill level 1 in Maces & Flails
  4152 | D:4      | Found Hinn's Distillery.
  4250 | D:4      | Reached skill level 5 in Fire Magic
  4719 | D:4      | Reached XP level 7. HP: 38/38 MP: 6/13
  4827 | D:4      | Learned a level 5 spell: Fireball
  4838 | D:5      | Entered Level 5 of the Dungeon
  5672 | D:5      | Reached skill level 5 in Spellcasting
  5797 | D:5      | Reached XP level 8. HP: 43/43 MP: 10/15
  5885 | D:5      | Reached skill level 5 in Conjurations
  5906 | D:5      | Noticed a troll
  6234 | D:5      | Found Viloozoa's Mayhem Merchandise.
  6549 | D:5      | Killed a troll
  6550 | D:5      | Reached skill level 1 in Armour
  6973 | D:6      | Reached XP level 9. HP: 47/47 MP: 10/18
  7147 | D:6      | Found a staircase to the Ecumenical Temple.
  7283 | Temple   | Entered the Ecumenical Temple
  7671 | D:6      | Noticed a two-headed ogre
  7686 | D:6      | Killed a two-headed ogre
  7993 | D:7      | Reached XP level 10. HP: 49/53 MP: 10/21
  8539 | D:7      | Noticed Menkaure
  8543 | D:7      | Killed Menkaure
  8719 | D:7      | Noticed Duvessa
  8720 | D:7      | Noticed Dowan
  8730 | D:7      | Killed Duvessa
  8733 | D:7      | Killed Dowan
  9073 | D:7      | Found a shadowy altar of Dithmenos.
  9154 | D:7      | Noticed Pikel
  9161 | D:7      | Killed Pikel
  9254 | D:7      | Found a snail-covered altar of Cheibriados.
  9455 | D:7      | Learned a level 3 spell: Mephitic Cloud
  9732 | D:8      | Noticed Erica
  9743 | D:8      | Killed Erica
 10107 | D:8      | Found an iron altar of Okawaru.
 10136 | D:8      | Noticed a two-headed ogre
 10143 | D:8      | Killed a two-headed ogre
 10144 | D:8      | Reached skill level 5 in Armour
 10168 | D:8      | Identified the +1 robe of Xepluvev {rPois rC+ Dex+3}
 11258 | D:9      | Noticed a two-headed ogre
 11265 | D:9      | Noticed Gastronok
 11273 | D:9      | Slain by a two-headed ogre

Illustrated notes

Levels and vault maps discovered:
D:1:      lemuel_arrival_muddy, layout_basic, serial_shops, shop,
          hellmonk_ecumenical_altar_pennies_from_heaven, kennysheep_doodads
D:2:      layout_basic, basic_altar, minmay_tetromino_s4, uniq_jessica
D:3:      layout_basic, nicolae_qazlal_style_of_elements
D:4:      layout_basic, nicolae_ru_sacrificial_ziggurat, serial_shops, shop
D:5:      minmay_diamond_boxcup, layout_cave_pools, minmay_shop_mayhem,
          kennysheep_generic_room_14
D:6:      layout_rooms, minmay_temple_entry_poolview, nzn_random_ring
D:7:      minmay_inner_zag, layout_gridville, minitemple, serial_bayou_crossing,
          uniq_duvessa, uniq_menkaure, uniq_pikel
D:8:      layout_layer_cave, okawaru_ov_weapons_minmay, uniq_erica
D:9:      layout_cross, nicolae_overflow_hidden_temple, general_overflow_altar,
          lair_entry_dummy, orc_0_dummy, serial_ice, serial_ice_c, serial_ice_n,
          serial_ice_m, serial_ice_f, serial_ice_j, serial_ice_e,
          serial_bayou_pond_c, chequers_serial_rivers_large_a, minmay_st_funbox,
          uniq_gastronok
Temple:   nicolae_temple_figure_eight

Skill      XL: |  1  2  3  4  5  6  7  8  9 10 |
---------------+-------------------------------+-----
Fire Magic     | 4 5 7 8 |  8.9
Conjurations   | 2 3 4 5 7 8 |  8.1
Spellcasting   | 3 4 5 6 7 8 |  8.5
Fighting       | 1 2 |  2.2
Maces & Flails | 1 2 3 |  3.6
Dodging        | 2 3 |  3.1
Armour         | 1 3 5 |  5.4
Stealth        | |  2.1

Action                   |  1- 3 |  4- 6 |  7- 9 | 10-12 || total
-------------------------+-------+-------+-------+-------++-------
Melee: Club              |     1 |       |       |       ||     1
       Whip              |     1 |     5 |       |       ||     6
       Mace              |       |    23 |    51 |    42 ||   116
 Cast: Foxfire           |    48 |   104 |   164 |   112 ||   428
       Sticky Flame      |       |     2 |     5 |     8 ||    15
       Conjure Flame     |       |     1 |     1 |       ||     2
       Fireball          |       |       |       |     1 ||     1
  Use: Scroll            |     2 |     5 |     4 |     7 ||    18
       Potion            |       |       |     2 |       ||     2
 Stab: Sleeping          |       |       |       |     1 ||     1
Armor: Robe              |     2 |    26 |    13 |       ||    41
       Leather armour    |       |       |    13 |       ||    13
       Troll leather arm |       |       |    21 |    37 ||    58
Dodge: Dodged            |     5 |    23 |    65 |    41 ||   134

Table legend: (Time is in decaauts)
 A = Elapsed time spent in this place.
 B = Non-inter-level travel time spent in this place.
 C = Inter-level travel time spent in this place.
 D = Time resting spent in this place.
 E = Time spent auto-exploring this place.
 F = Levels seen in this place.
 G = Mean time per level.
                   A        B        C        D        E       F      G
               +--------+--------+--------+--------+--------+-----+--------+
         Total |  11327 |  10850 |    477 |    251 |   9030 |  10 | 1132.7 |
       Dungeon |  11113 |  10648 |    465 |    251 |   8828 |   9 | 1234.8 |
        Temple |    213 |    202 |     11 |      0 |    202 |   1 |  213.0 |
               +--------+--------+--------+--------+--------+-----+--------+

Top non-repeatable levels by time:
     D:4: 1611 daAuts
     D:5: 1597 daAuts
     D:8: 1592 daAuts
     D:7: 1552 daAuts
     D:3: 1467 daAuts
     D:2: 1258 daAuts
     D:6: 1088 daAuts
     D:1: 930 daAuts
  Temple: 213 daAuts
     D:9: 14 daAuts
